 Dungeon Crawl Stone Soup version 0.19-a0-1875-g4fea3da (webtiles) character file.

316 vev the Cutter (level 6, 0/46 HPs)
             Began as a Demigod Wizard on Oct 13, 2016.
             Killed by nerve-wracking pain
             ... invoked by Menkaure
              (14 damage)
             ... on level 4 of the Dungeon.
             The game lasted 00:11:06 (3781 turns).

vev the Cutter (Demigod Wizard)                     Turns: 3781, Time: 00:11:07

Health: 0/46       AC:  4    Str: 15    XL:     6   Next: 0%
Magic:  13/13      EV: 12    Int: 26    God:
Gold:   198        SH:  0    Dex: 14    Spells: 3 memorised, 4 levels left

rFire  + . .     SeeInvis .     l - +0 dagger (venom)
rCold  + . .     Gourm    .     a - +0 robe
rNeg   . . .     Faith    .     (no shield)
rPois  +         Spirit   .     k - +1 hat
rElec  +         Dismiss  .     C - +0 cloak
rCorr  +         Reflect  .     (no gloves)
MR     .....     Harm     .     (no boots)
Stlth  +++.......               w - amulet of regeneration
                                (no ring)
                                A - ring of wizardry

@: mighty, resistant
A: high mp 1
a: no special abilities


You were on level 4 of the Dungeon.
You were hungry.

You visited 1 branch of the dungeon, and saw 4 of its levels.

You collected 198 gold pieces.

Inventory:

Hand Weapons
 h - a +0 dagger
 l - a +0 dagger of venom (weapon)
 m - a +4 dagger
Armour
 a - a +0 robe (worn)
 b - a +0 hat
 k - a +1 hat (worn)
 C - a +0 cloak (worn)
Jewellery
 w - an amulet of regeneration (around neck)
 x - a +3 ring of evasion {unknown}
 A - a ring of wizardry (left hand)
Wands
 E - a wand of iceblast (7/15)
Scrolls
 i - a scroll of fear {unknown}
 j - a scroll of remove curse
 p - 3 scrolls of identify {unknown}
 q - 3 scrolls of teleportation {unknown}
 v - a scroll of immolation {unknown}
 y - a scroll of enchant armour {unknown}
 D - a scroll of amnesia {unknown}
Potions
 e - a potion of mutation {unknown}
 f - a potion of invisibility {unknown}
 g - a potion of ambrosia {unknown}
 n - a potion of agility {unknown}
 o - a potion of might
 r - a potion of resistance
 s - a potion of curing
 t - 2 potions of heal wounds {unknown}
 B - a potion of flight {unknown}
Books
 c - a book of Minor Magic

   Spells                             Type                      Level
   a - Magic Dart                     Conjuration                  1
   b - Blink                          Translocation                2
   c - Call Imp                       Summoning                    2
   d - Repel Missiles                 Charms/Air                   2
   e - Slow                           Hexes                        2
   f - Conjure Flame                  Conjuration/Fire             3
   g - Mephitic Cloud                 Conjuration/Poison/Air       3
Comestibles
 d - 3 bread rations
 u - 3 beef jerkies


   Skills:
 - Level 0.3 Fighting
 + Level 4.4 Short Blades
 - Level 1.7 Dodging
 + Level 4.0 Stealth
 - Level 2.6 Spellcasting
 - Level 0.8 Conjurations
   Level 0.8 Summonings
 - Level 0.8 Translocations


You had 4 spell levels left.
You knew the following spells:

 Your Spells              Type           Power        Failure   Level  Hunger
a - Magic Dart            Conj           #...         4%          1    None
b - Blink                 Tloc           N/A          4%          2    ##.....
f - Mephitic Cloud        Conj/Pois/Air  #.......     12%         3    ###....


Dungeon Overview and Level Annotations

Branches:
Dungeon (4/15)
 Temple: D:4-7

Annotations:
D:3 Grinder, Sigmund
D:4 Menkaure, Robin


Innate Abilities, Weirdness & Mutations

You have an increased reservoir of magic. (+10% MP)


Message History

Menkaure hits you!!
As you read the scroll labeled CITWERICAS, it crumbles to dust.
You feel blessed for a moment.
It was a scroll of remove curse.
Okay, then.
It was a potion of might.
You feel very mighty all of a sudden. Menkaure closely misses you.
It was a potion of resistance.
You feel protected. Menkaure hits you!
* * * LOW HITPOINT WARNING * * *
You feel better. Menkaure casts a spell at you. Pain shoots through your body!
* * * LOW HITPOINT WARNING * * *
You feel better.
Menkaure grins.
Menkaure points at you and mumbles some strange words.
Pain shoots through your body!
You die...

#...#.....#### #.### ##....#
###..........#####.# #.....#
##.......###.......########.....#
#...####..# #####...............#
..#### ##..# ##.#####........#
.###8# #.# ###.###..........#
##≈≈_# .# #................#
#≈≈..# ..#####....###.........#
≈≈...## .......@...# #.........#
...._8# #....##M.### #.........#
≈≈...## ...# ..## #..........
#≈≈..# .. .... ##l........ ##≈≈_#
##### .M....... .###8# ..#### #
#...####.... .........#


You could see Menkaure.

Vanquished Creatures
  Blork the orc (D:4)
  Crazy Yiuf (D:3)
  2 worker ants (D:4)
  Natasha (D:4)
  4 gnolls
  4 adders
  3 oozes
  A worm (D:2)
  2 leopard geckos (D:3)
  2 orcs
  7 bats
  6 goblins
  7 hobgoblins
  2 quokkas (D:2)
  A ball python (D:2)
  5 frilled lizards
  A jackal skeleton (D:4)
  5 kobolds
  5 rats
60 creatures vanquished.

Notes
Turn   | Place    | Note
-------+----------+-------------------------------------------
     0 | D:1      | vev the Demigod Wizard began the quest for the Orb.
     0 | D:1      | Reached XP level 1. HP: 14/14 MP: 6/6
   171 | D:1      | Reached skill level 2 in Stealth
   373 | D:1      | Reached skill level 1 in Short Blades
   475 | D:1      | Reached XP level 2. HP: 19/22 MP: 8/8
   958 | D:2      | Reached skill level 2 in Short Blades
  1109 | D:2      | Learned a level 2 spell: Blink
  1149 | D:2      | Reached XP level 3. HP: 27/27 MP: 9/9
  1469 | D:2      | Found a faded altar of an unknown god.
  1647 | D:2      | Found a sparkling altar of Nemelex Xobeh.
  1686 | D:3      | Noticed Grinder
  1765 | D:3      | Reached skill level 3 in Short Blades
  1778 | D:3      | Found a runed door.
  2177 | D:3      | Found a glowing silver altar of Zin.
  2184 | D:3      | Noticed Sigmund
  2380 | D:3      | Reached XP level 4. HP: 27/34 MP: 6/10
  2709 | D:3      | Found an iron altar of Okawaru.
  3104 | D:3      | Learned a level 3 spell: Mephitic Cloud
  3104 | D:3      | Noticed Crazy Yiuf
  3115 | D:3      | Killed Crazy Yiuf
  3217 | D:4      | Reached skill level 3 in Stealth
  3217 | D:4      | Reached XP level 5. HP: 33/39 MP: 11/11
  3247 | D:4      | Found a hazy altar of Hepliaklqana.
  3247 | D:4      | Found a hide-covered altar of Uskayaw.
  3248 | D:4      | Found a basalt altar of Yredelemnul.
  3283 | D:4      | Noticed Blork the orc
  3370 | D:4      | Reached skill level 4 in Short Blades
  3450 | D:4      | Noticed Robin
  3610 | D:4      | Killed Blork the orc
  3687 | D:4      | Noticed Natasha
  3702 | D:4      | Killed Natasha
  3702 | D:4      | Reached skill level 4 in Stealth
  3702 | D:4      | Reached XP level 6. HP: 33/46 MP: 13/13
  3750 | D:4      | Found a white marble altar of Elyvilon.
  3761 | D:4      | Noticed Menkaure
  3780 | D:4      | HP: 4/46 [Menkaure/nerve-wracking pain (10)]
  3781 | D:4      | Killed from afar by Menkaure

Vault maps used:
D:1:      wheals_arrival_shading
D:2:      ecumenical_altar_1, first_bread, nemelex_dance_club_becter
D:3:      nicolae_overflow_hidden_temple, zin_academy, minmay_misc_feat_room,
          minmay_cut_off, uniq_grinder, uniq_crazy_yiuf_cottage, uniq_sigmund
D:4:      kennysheep_mini, gammafunk_temple_overflow_claw,
          kennysheep_generic_room_5, uniq_natasha, uniq_blork_the_orc,
          uniq_menkaure, uniq_robin

Skill      XL: |  1  2  3  4  5 |
---------------+----------------+-----
Stealth        | 2 3 4 |  4.0
Short Blades   | 1 2 3 4 |  4.4
Fighting       | |  0.3
Dodging        | |  1.7
Spellcasting   | |  2.6
Conjurations   | |  0.8
Summonings     | |  0.8
Translocations | |  0.8

Action                   |  1- 3 |  4- 6 || total
-------------------------+-------+-------++-------
Melee: Dagger            |    72 |    79 ||   151
 Cast: Magic Dart        |    50 |    17 ||    67
       Blink             |       |     6 ||     6
       Mephitic Cloud    |       |     5 ||     5
  Use: Potion            |       |     4 ||     4
       Scroll            |       |     1 ||     1
 Stab: Sleeping          |     7 |     1 ||     8
       Confused          |       |     1 ||     1
  Eat: Chunk             |     3 |     4 ||     7
       Beef jerky        |     1 |       ||     1
Armor: Robe              |    11 |    10 ||    21
Dodge: Dodged            |    35 |    47 ||    82
